cohdb
Replays
Latest Replays
All Replays
Popular Replays
Top Player Replays
Match Explorer
How It Works
Community
CoH3 Stats
Reddit
Sign in to upload your games and track your stats! →
Sign in with Steam
Match 44439424
Unlisted
Match 44439424
Overview
Messages
Build Orders
End
Pioneer Squad
Construct Infanterie Kompanie
Selects Breakthrough Battlegroup
Selects Assault Grenadiers
Grenadier Squad
Grenadier Squad
Grenadier Squad
MG 42 Machine Gun Team
Infanterie Officer Quarters
Construct Luftwaffe Kompanie
Flak 30 Anti-aircraft Gun Team
Medical Bunker
Support Elements
Wirbelwind Flakpanzer
Selects Rapid Production
Selects Breakthrough
Jäger Squad
Construct Panzer Kompanie
Breakthrough
Selects Incendiary Bombing Run
Incendiary Bombing Run
Panzer IV Medium Tank
Panzer IV Medium Tank
Selects Blitzkrieg
Blitzkrieg
Side Skirts
咚咚锵个腿
yesman55
0
0
Comments
sign in to comment!
No comments posted yet!